 Dungeon Sprint DCSS version 0.26-a0-668-gd58323b419 (webtiles) character file.

Game seed: 12487789979143247976

36593 mhtbhm the Bludgeoner (level 13, -2/148 HPs)
             Began as a Troll Fighter on Oct 19, 2020.
             Was the Champion of Okawaru.
             Slain by Donald
             ... wielding a +4 vorpal long sword
              (11 damage)
             ... in the Dungeon (Sprint IX: "|||||||||||||||||||||||||||||").
             The game lasted 00:10:25 (3645 turns).

mhtbhm the Bludgeoner (Troll Fighter)               Turns: 3645, Time: 00:10:25

Health: -2/148     AC: 19    Str: 38    XL:     13   Next: 53%
Magic:  11/13      EV: 20    Int: 11    God:    Okawaru [******]
Gold:   641        SH: 17    Dex:  9    Spells: 12/12 levels left

rFire    + . .     SeeInvis +   a - +2 morningstar (protect)
rCold    + . .     Faith    .   c - +1 kite shield {AC+3}
rNeg     . . .     Spirit   .   b - +1 robe "Sashes" {rC+ Str+7}
rPois    .         Reflect  .   u - +1 hat
rElec    .         Harm     .   n - +0 cloak
rCorr    .         Rampage  .   (gloves unavailable)
MR       .....     NoTele   +   (boots unavailable)
Stlth    ++++......             x - amulet of Dithmenos's Esteem {Acrobat rF+ Int+4 SInv}
HPRegen  0.74/turn              p - +3 ring of intelligence
MPRegen  0.13/turn              o - +2 ring of evasion

@: heroism, protection aura
A: large, unfitting armour, claws 3, horns 1, regeneration 1, screaming 1,
shaggy fur 1, tough skin 3
a: Heroism, Finesse, Renounce Religion


You were in the Dungeon.
You worshipped Okawaru.
Okawaru was exalted by your worship.
You visited 1 branch You collected 1928 gold pieces.
You spent 1287 gold pieces at shops.

Inventory:

Hand Weapons
 a - a +2 morningstar of protection (weapon)
 y - the +6 mace "Ecriuw" {vorpal, +Rage +Fly rElec Dex-5}
   (You bought it in a shop in the Dungeon)

   It inflicts extra damage upon your enemies.
   It affects your dexterity (-5).
   It insulates you from electricity.
   It lets you fly.
   It lets you go berserk.
Missiles
 w - a throwing net (quivered)
 B - 5 curare-tipped darts
 H - 15 javelins
Armour
 b - the +1 robe "Sashes" (worn) {rC+ Str+7}
   (You found it in the Dungeon)

   It affects your strength (+7).
   It protects you from cold.
 c - a +1 kite shield of protection (worn)
 n - a +0 cloak (worn)
 u - a +1 hat (worn)
 G - the +0 animal skin "Qeudiuna" {rC+ rN+ Int+6 Dex-4}
   (Okawaru gifted it to you in the Dungeon)

   It affects your intelligence (+6).
   It affects your dexterity (-4).
   It protects you from cold.
   It protects you from negative energy.
Jewellery
 o - a +2 ring of evasion (right claw)
 p - a +3 ring of intelligence (left claw)
 x - the amulet of Dithmenos's Esteem (around neck) {Acrobat rF+ Int+4 SInv}
   (You bought it in a shop in the Dungeon)

   [amulet of the acrobat]

   It helps you evade while moving and waiting.
   It affects your intelligence (+4).
   It protects you from fire.
   It lets you see invisible.
 C - an uncursed ring of protection from magic
 D - an uncursed ring of ice
 E - an uncursed ring of ice
 F - an uncursed ring of fire
Wands
 m - a wand of iceblast (10)
 v - a wand of disintegration (5)
Scrolls
 j - 4 scrolls of blinking
 k - 5 scrolls of remove curse
 l - 2 scrolls of amnesia
 s - 2 scrolls of fog
 t - 2 scrolls of fear
 z - a scroll of enchant weapon
 A - 3 scrolls of identify
Potions
 d - a potion of might
 e - 5 potions of curing
 f - a potion of stabbing
 g - 2 potions of haste
 h - 4 potions of magic
 i - 4 potions of heal wounds
 q - 2 potions of brilliance
 r - 2 potions of mutation


   Skills:
 + Level 14.8(19.8) Fighting
 + Level 18.6(23.6) Maces & Flails
 + Level 1.3(6.3) Throwing
 + Level 13.6(18.6) Dodging
 + Level 3.9(8.9) Stealth
 + Level 14.5(19.5) Shields
 + Level 2.1 Invocations
 + Level 4.0 Evocations


You had 12 spell levels left.
You didn't know any spells.
Your spell library was empty.

Dungeon Overview and Level Annotations

Branches:
Dungeon (1/1)

Altars:
Cheibriados
Dithmenos
Elyvilon
Fedhas
Gozag
Hepliaklqana
Kikubaaqudgha
Makhleb
Nemelex Xobeh
Okawaru
Qazlal
Ru
Sif Muna
Trog
Uskayaw
Vehumet
Wu Jian
Xom
Yredelemnul
Zin
The Shining One
Beogh
Jiyva
Lugonu

Shops:
D *[(=

Annotations:
D Donald


Innate Abilities, Weirdness & Mutations

You are too large for most types of armour.
You have claws for hands.
Your natural rate of healing is unusually fast.
You are covered in fur. (AC +1)
You have extremely tough skin. (AC +3)
You have a pair of small horns on your head.
You occasionally shout uncontrollably at your foes.


Message History

You feel much better.
Donald hits you with a +4 vorpal long sword!!
You feel much better. You block Donald's attack. x2
You gain the combat prowess of a mighty hero.
Donald completely misses you. Donald blocks your attack. x2
Donald is lightly wounded.
Donald says, "You can only wear one cloak at a time, you know?"
Donald closely misses you.
You fail to use your ability.
You block Donald's attack.
You thump Donald!
Your weapon exudes an aura of protection.
Donald is moderately wounded.
Donald says, "Oh, hey!
I could use a new shield.
Have you got any spares?"
Donald hits you with a +4 vorpal long sword!!
Donald blocks your attack.
Donald is moderately wounded.
Donald hits you with a +4 vorpal long sword!!!
* * * LOW HITPOINT WARNING * * *
You die...

▓.♣.♣.▓.▓.▓.▓.▓.▓.
▓.♣.♣.▓.▓.▓.▓.▓.▓.
▓.♣.♣.▓.▓.▓.▓.▓.▓.
▓.♣÷♣.▓.▓.▓.▓.▓.▓.
▓.♣÷♣.▓.▓.▓.▓.▓.▓.
▓.▓.▓.▓.▓.▓.▓.▓.▓.
▓.▓÷▓.▓.▓.▓.▓.▓.▓.
▓.▓.▓.▓.▓.▓÷▓.▓.▓.
▓@▓.▓.▓[▓.▓.▓.▓†▓.
▓@▓.▓.▓[▓.▓)▓.▓)▓.
▓.▓.▓.▓[▓.▓)▓.▓.▓.
▓.▓.▓.▓[▓.▓[▓.▓.▓.
▓.▓.▓.▓.▓.▓'▓.▓.▓.
▓.▓.▓.▓[▓.▓.▓.▓.▓.
▓.▓'▓.▓[▓.▓.▓.▓.▓.
▓.▓.▓.▓[▓.▓.▓.▓.▓.
▓.▓.▓.▓.▓.▓.▓.▓.


You could see Donald (fast, strong).

Vanquished Creatures
  A thorn hunter (D)
  A nagaraja (D)
  An entropy weaver (D)
  A stone giant (D)
  A fire dragon (D)
  2 ettins (D)
  A merfolk javelineer (D)
  Josephine (D)
  An ice dragon (D)
  An anaconda (D)
  A hydra (D)
  Harold (D)
  A merfolk aquamancer (D)
  A centaur warrior (D)
  An alligator snapping turtle (D)
  2 two-headed ogres (D)
  An alligator (D)
  A deep troll earth mage (D)
  Sonja (D)
  3 orc high priests (D)
  A shock serpent (D)
  7 orc knights (D)
  2 mana vipers (D)
  A cyclops (D)
  2 orb spiders (D)
  3 manticores (D)
  A wolf spider (D)
  A moth of wrath (D)
  A salamander (D)
  2 naga magi (D)
  3 black mambas (D)
  A merfolk siren (D)
  Joseph (D)
  3 cane toads (D)
  3 komodo dragons (D)
  A freezing wraith (D)
  A demonic crawler (D)
  2 merfolk (D)
  5 polar bears (D)
  2 bog bodies (D)
  A slime creature (D)
  5 wraiths (D)
  2 tarantellas (D)
  A redback (D)
  A wyvern (D)
  A basilisk (D)
  A yak (D)
  2 vampire mosquitoes (D)
  3 water moccasins (D)
  8 orc warriors (D)
  2 sky beasts (D)
  3 black bears (D)
  A phantom (D)
  An ogre (D)
  A centaur (D)
  6 bullfrogs (D)
  A scorpion (D)
  A wight (D)
  A hound (D)
  4 orc priests (D)
  A hell rat (D)
  3 iguanas (D)
  3 orc wizards (D)
  An ooze (D)
  An adder zombie (D)
  15 orcs (D)
  2 bat skeletons (D)
  2 giant cockroaches (D)
  A giant cockroach zombie (D)
  A kobold (D)
  A rat (D)
144 creatures vanquished.

Notes
Turn   | Place    | Note
-------+----------+-------------------------------------------
     0 | D        | mhtbhm the Troll Fighter began the quest for the Orb.
     0 | D        | Reached XP level 1. HP: 22/22 MP: 0/0
     8 | D        | Reached skill level 2 in Maces & Flails
    14 | D        | Reached XP level 2. HP: 31/31 MP: 1/1
   121 | D        | Noticed a scorpion
   129 | D        | Killed a scorpion
   129 | D        | Reached skill level 3 in Maces & Flails
   129 | D        | Reached XP level 3. HP: 39/39 MP: 2/2
   155 | D        | Reached XP level 4. HP: 42/49 MP: 3/3
   177 | D        | Reached skill level 4 in Maces & Flails
   185 | D        | Reached skill level 5 in Fighting
   185 | D        | Reached XP level 5. HP: 35/57 MP: 4/4
   193 | D        | Found a roughly hewn altar of Beogh.
   193 | D        | Found a snail-covered altar of Cheibriados.
   193 | D        | Found a shadowy altar of Dithmenos.
   193 | D        | Found a white marble altar of Elyvilon.
   193 | D        | Found a blossoming altar of Fedhas.
   193 | D        | Found an opulent altar of Gozag.
   194 | D        | Found a hazy altar of Hepliaklqana.
   321 | D        | Found a viscous altar of Jiyva.
   322 | D        | Found an ancient bone altar of Kikubaaqudgha.
   323 | D        | Found a corrupted altar of Lugonu.
   324 | D        | Found a burning altar of Makhleb.
   325 | D        | Found a sparkling altar of Nemelex Xobeh.
   326 | D        | Found an iron altar of Okawaru.
   327 | D        | Found a stormy altar of Qazlal.
   328 | D        | Found a sacrificial altar of Ru.
   329 | D        | Found a shimmering blue altar of Sif Muna.
   330 | D        | Found a bloodstained altar of Trog.
   331 | D        | Found a hide-covered altar of Uskayaw.
   332 | D        | Found a radiant altar of Vehumet.
   333 | D        | Found an ornate altar of the Wu Jian Council.
   334 | D        | Found a shimmering altar of Xom.
   335 | D        | Found a basalt altar of Yredelemnul.
   336 | D        | Found a glowing silver altar of Zin.
   337 | D        | Found a glowing golden altar of the Shining One.
   344 | D        | Became a worshipper of Warmaster Okawaru
   393 | D        | Noticed a two-headed ogre
   393 | D        | Noticed an ogre
   393 | D        | Noticed a wraith
   402 | D        | Reached skill level 5 in Maces & Flails
   402 | D        | Reached skill level 5 in Dodging
   405 | D        | Killed a wraith
   405 | D        | Reached * piety under Okawaru
   405 | D        | Reached skill level 7 in Maces & Flails
   405 | D        | Reached skill level 5 in Shields
   405 | D        | Reached XP level 6. HP: 67/67 MP: 5/5
   416 | D        | Killed a two-headed ogre
   416 | D        | Reached ** piety under Okawaru
   416 | D        | Reached skill level 9 in Maces & Flails
   416 | D        | Reached skill level 1 in Stealth
   416 | D        | Reached XP level 7. HP: 34/78 MP: 6/6
   420 | D        | Reached skill level 10 in Maces & Flails
   420 | D        | Reached XP level 8. HP: 39/88 MP: 7/7
   618 | D        | Reached *** piety under Okawaru
   786 | D        | Noticed a komodo dragon
   786 | D        | Noticed a black mamba
   792 | D        | Reached skill level 11 in Maces & Flails
   795 | D        | Noticed a cane toad
   797 | D        | Killed a black mamba
   797 | D        | Reached **** piety under Okawaru
   805 | D        | Gained mutation: You occasionally shout uncontrollably at
                  | your foes. [potion of mutation]
   805 | D        | Gained mutation: You have a pair of small horns on your
                  | head. [potion of mutation]
   808 | D        | Killed a komodo dragon
   808 | D        | Reached XP level 9. HP: 57/97 MP: 8/8
   810 | D        | Noticed a komodo dragon
   814 | D        | Reached skill level 12 in Maces & Flails
   824 | D        | Killed a cane toad
   830 | D        | Killed a komodo dragon
   913 | D        | Noticed an eight-headed hydra
   913 | D        | Noticed a komodo dragon
   917 | D        | Noticed a black mamba
   924 | D        | Killed a komodo dragon
   924 | D        | Reached ***** piety under Okawaru
   929 | D        | Killed an eight-headed hydra
   929 | D        | Reached skill level 13 in Maces & Flails
   929 | D        | Reached XP level 10. HP: 83/109 MP: 6/9
   960 | D        | Killed a black mamba
   960 | D        | Received a gift from Okawaru
   962 | D        | Reached skill level 10 in Fighting
  1118 | D        | Reached skill level 1 in Invocations
  1121 | D        | Reached skill level 14 in Maces & Flails
  1200 | D        | Noticed Joseph
  1212 | D        | Killed Joseph
  1307 | D        | Noticed Harold
  1321 | D        | Killed Harold
  1321 | D        | Reached skill level 10 in Shields
  1365 | D        | Noticed an orc knight
  1379 | D        | Killed an orc knight
  1379 | D        | Reached skill level 15 in Maces & Flails
  1379 | D        | Reached skill level 10 in Dodging
  1382 | D        | Reached XP level 11. HP: 71/119 MP: 7/10
  1554 | D        | Noticed an orc knight
  1561 | D        | Received a gift from Okawaru
  1572 | D        | Killed an orc knight
  1572 | D        | Noticed an orc knight
  1597 | D        | Killed an orc knight
  1597 | D        | Reached ****** piety under Okawaru
  1728 | D        | Found Koitice's Jewellery Boutique.
  1728 | D        | Noticed an orc high priest
  1728 | D        | Noticed an orc knight
  1728 | D        | Noticed an orc high priest
  1732 | D        | Found Etuutil's Antique Weapon Shop.
  1732 | D        | Noticed an orc knight
  1732 | D        | Noticed an orc knight
  1734 | D        | Killed an orc high priest
  1734 | D        | Reached skill level 1 in Evocations
  1739 | D        | Killed an orc knight
  1740 | D        | Found Wampu's Antique Armour Boutique.
  1741 | D        | Killed an orc high priest
  1741 | D        | Reached skill level 16 in Maces & Flails
  1744 | D        | Noticed an orc high priest
  1750 | D        | Killed an orc knight
  1755 | D        | Noticed an orc knight
  1758 | D        | Killed an orc knight
  1759 | D        | Found Laim's General Store.
  1763 | D        | Killed an orc high priest
  1771 | D        | Killed an orc knight
  1851 | D        | Got a jewelled animal skin {god gift}
  1857 | D        | Identified the +0 animal skin "Qeudiuna" {rC+ rN+ Int+6
                  | Dex-4} (Okawaru gifted it to you in the Dungeon)
  1877 | D        | Bought the amulet of Dithmenos's Esteem {Acrobat rF+ Int+4
                  | SInv} for 566 gold pieces
  1885 | D        | Bought the +6 mace "Ecriuw" {vorpal, +Rage +Fly rElec
                  | Dex-5} for 523 gold pieces
  1885 | D        | Bought a potion of heal wounds for 60 gold pieces
  1885 | D        | Bought a scroll of enchant weapon for 90 gold pieces
  1885 | D        | Bought a scroll of fog for 24 gold pieces
  1885 | D        | Bought a scroll of identify for 24 gold pieces
  1949 | D        | Noticed Josephine
  1963 | D        | Noticed Sonja
  1970 | D        | Killed Josephine
  1991 | D        | Killed Sonja
  2125 | D        | Got the +1 robe "Sashes" {rC+ Str+7}
  2157 | D        | Noticed a two-headed ogre
  2164 | D        | Received a gift from Okawaru
  2166 | D        | Noticed a fire dragon
  2173 | D        | Killed a two-headed ogre
  2173 | D        | Reached skill level 17 in Maces & Flails
  2173 | D        | Reached XP level 12. HP: 133/133 MP: 12/12
  2175 | D        | Noticed a centaur warrior
  2177 | D        | Noticed an ice dragon
  2186 | D        | Noticed a stone giant
  2189 | D        | Noticed a deep troll earth mage
  2190 | D        | Noticed an ettin
  2194 | D        | Noticed an ettin
  2196 | D        | Killed a fire dragon
  2202 | D        | Killed a centaur warrior
  2202 | D        | Received a gift from Okawaru
  2209 | D        | Killed an ice dragon
  2214 | D        | Killed a stone giant
  2223 | D        | Killed a deep troll earth mage
  2227 | D        | Killed an ettin
  2232 | D        | Killed an ettin
  2476 | D        | Noticed a nagaraja
  2477 | D        | Noticed an anaconda
  2489 | D        | Killed a nagaraja
  2512 | D        | Killed an anaconda
  2512 | D        | Received a gift from Okawaru
  2720 | D        | Noticed an entropy weaver
  2743 | D        | Killed an entropy weaver
  2743 | D        | Reached skill level 18 in Maces & Flails
  2743 | D        | Reached XP level 13. HP: 42/145 MP: 13/13
  3227 | D        | Noticed a thorn hunter
  3249 | D        | Killed a thorn hunter
  3365 | D        | Noticed a merfolk javelineer
  3386 | D        | Reached skill level 1 in Throwing
  3393 | D        | Killed a merfolk javelineer
  3393 | D        | Received a gift from Okawaru
  3632 | D        | Noticed Donald
  3645 | D        | Slain by Donald

Illustrated notes

Levels and vault maps discovered:
D:        linesprint [early_d, line_temple, items_1, d_10, items_2, lair_1,
          lair_end, items_3, orc_1, orc_end, items_4, d_15, swamp_1, shoals_1,
          snake_1, spider_1, d_20, vaults_1, items_5, swamp_end, shoals_end,
          snake_end, spider_end, vaults_end, d_27, items_6, zot_1, zot_end,
          crypt_end, forest_end, elf_end, slime_end, tomb_end, abyss_end,
          pan_hell_end]

Skill      XL: |  1  2  3  4  5  6  7  8  9 10 11 12 13 |
---------------+----------------------------------------+-----
Fighting       | 3 4 5 6 7 8 9 10 12 13 14 | 14.8
Maces & Flails | 2 3 4 7 9 10 11 13 15 17 18 | 18.6
Dodging        | 3 4 5 7 8 9 10 11 12 13 | 13.6
Shields        | 3 4 5 6 7 9 10 11 13 14 | 14.5
Stealth        | 1 2 3 |  3.9
Invocations    | 1 2 |  2.1
Evocations     | 3 4 |  4.0
Throwing       | 1 |  1.3

Action                   |  1- 3 |  4- 6 |  7- 9 | 10-12 | 13-15 || total
-------------------------+-------+-------+-------+-------+-------++-------
Melee: Flail             |    42 |    29 |       |       |       ||    71
       Morningstar       |       |    20 |   101 |   364 |   109 ||   594
       Headbutt          |       |       |    10 |    95 |    29 ||   134
Throw: Dart              |       |       |       |       |     2 ||     2
       Throwing net      |       |       |       |       |     2 ||     2
Invok: Heroism           |       |       |     2 |     2 |     1 ||     5
Evoke: Wand              |       |       |       |    12 |     4 ||    16
  Use: Potion            |     1 |     3 |     1 |       |     2 ||     7
       Scroll            |       |       |       |       |     2 ||     2
 Stab: Invisible         |       |       |     1 |       |       ||     1
Armor: Robe              |    19 |     8 |    19 |    37 |    12 ||    95
       Animal skin       |       |       |       |     7 |       ||     7
Dodge: Dodged            |     6 |    25 |    38 |   117 |    42 ||   228
Block: Kite shield       |    11 |    21 |    59 |    99 |    60 ||   250
       Tower shield      |       |       |       |    95 |       ||    95

Table legend: (Time is in decaauts)
 A = Elapsed time spent in this place.
 B = Non-inter-level travel time spent in this place.
 C = Inter-level travel time spent in this place.
 D = Time resting spent in this place.
 E = Time spent auto-exploring this place.
 F = Levels seen in this place.
 G = Mean time per level.
                   A        B        C        D        E       F      G
               +--------+--------+--------+--------+--------+-----+--------+
         Total |   3539 |   3539 |      0 |   1583 |    577 |   1 | 3539.0 |
       Dungeon |   3539 |   3539 |      0 |   1583 |    577 |   1 | 3539.0 |
               +--------+--------+--------+--------+--------+-----+--------+

Top non-repeatable levels by time:
       D: 3539 daAuts
